 Dungeon Crawl Stone Soup version 0.26.0-18-gc5c842f807 (webtiles) character file.

Game seed: 11126801550648518351

89 thiole the Sneak (level 4, 0/27 HPs)
             Began as an Octopode Hedge Wizard on Jan 24, 2021.
             Was an Initiate of Gozag.
             Succumbed to an adder's poison
             ... on level 2 of the Dungeon.
             The game lasted 00:03:28 (2266 turns).

thiole the Sneak (Octopode Hedge Wizard)            Turns: 2266, Time: 00:03:29

Health: 0/27       AC:  1    Str:  7 (9)  XL:     4   Next: 55%
Magic:  2/9        EV: 13    Int: 15 (17) God:    Gozag
Gold:   66         SH:  0    Dex:  8 (11) Spells: 1/9 levels left

rFire    . . .     SeeInvis .   a - +0 dagger
rCold    . . .     Faith    .   (no shield)
rNeg     . . .     Spirit   .   b - +0 hat
rPois    .         Reflect  .   (no amulet)
rElec    .         Harm     .   (no ring)
rCorr    .         Rampage  .   (no ring)
Will     .....     Clarity  +   (no ring)
Stlth    ++++......             (no ring)
HPRegen  0.09/turn              (no ring)
MPRegen  0.11/turn              (no ring)
                                (no ring)
                                (no ring)

@: mighty, lethally poisoned (0 -> -4), gold aura, attractive, very slightly
contaminated
A: almost no armour, stealthy swim, amphibious, 8 rings, constrict 8, camouflage
2, clarity, gelatinous body 1
a: Renounce Religion, Potion Petition, Call Merchant, Bribe Branch


You were on level 2 of the Dungeon.
You worshipped Gozag.
Gozag was noncommittal.
You visited 1 branch of the dungeon, and saw 2 of its levels.

You collected 89 gold pieces.
You paid 23 gold pieces to Gozag.

Inventory:

Hand Weapons
 a - a +0 dagger (weapon)
Armour
 b - a +0 hat (worn)
Wands
 l - a wand of iceblast (5)
Scrolls
 c - 7 scrolls of identify {unknown}
 d - 3 scrolls of fear {unknown}
 e - a scroll of immolation {unknown}
 g - a scroll of amnesia {unknown}
 i - a scroll of enchant armour {unknown}
 j - 2 scrolls of teleportation {unknown}
 k - a scroll of blinking {unknown}
 o - a scroll of random uselessness {unknown}
Potions
 h - a potion of mutation
 n - a potion of might


   Skills:
 - Level 2.0 Dodging
 + Level 3.8 Stealth
 + Level 3.4 Spellcasting
 * Level 2.7 Conjurations
 - Level 2.0 Summonings
 - Level 1.0 Translocations


You had one spell level left.
You knew the following spells:

 Your Spells              Type           Power        Failure   Level
a - Magic Dart            Conj           40%          6%          1
b - Call Imp              Summ           8%           13%         2
c - Blink                 Tloc           N/A          19%         2
d - Mephitic Cloud        Conj/Pois/Air  5%           36%         3

Your spell library contained the following spells:

 Spells                   Type           Power        Failure   Level
 Slow                     Hex            2%           28%         2
 Conjure Flame            Conj/Fire      6%           32%         3


Dungeon Overview and Level Annotations

Branches:
Dungeon (2/15)

Altars:
Gozag


Innate Abilities, Weirdness & Mutations

You cannot wear most types of armour.
You are very stealthy in the water. (Stealth+)
You are amphibious.
You can wear up to eight rings at the same time.
You can use your tentacles to constrict eight enemies at once.
Your skin blends seamlessly with your surroundings (Stealth++).
Your rubbery body absorbs attacks. (AC +1, EV +1)
You possess an exceptional clarity of mind.


Message History

Confirm with . or Enter, or press ? or * to list all spells.
You can't see any susceptible monsters within range! (Use Z to cast anyway.)
* * * LOW HITPOINT WARNING * * *
You feel sick.
You flicker for a moment.
Your crimson imp blinks!
* * * LOW HITPOINT WARNING * * *
You feel sick.
Your crimson imp disappears in a puff of smoke!
Your crimson imp disappears in a puff of smoke!
You see here a brown potion.
f - a brown potion It was a potion of attraction.
You feel attractive to monsters.
* * * LOW HITPOINT WARNING * * *
You feel sick.
There is a lethal amount of poison in your body!
You flicker back into view.
You die...
Your body crumbles into a pile of gold.

#.. #.# . #.# ...
#.# ......##.
###.##^.#......
#....#.# #....#
#......# #....#
#..@.# #..#.# #....#
##....#
#....####...#
#....##.....#
#..$.#...#..#
#........#5.#
#....#..?#ยง.#####
######...#......####
#..$$.####.....


There were no monsters in sight!

Vanquished Creatures
  3 adders (D:2)
  5 dart slugs
  3 leopard geckos
  9 bats
  2 giant cockroaches (D:1)
  3 goblins (D:1)
  6 hobgoblins
  9 kobolds
  A frilled lizard (D:1)
  8 rats
49 creatures vanquished.

Vanquished Creatures (collateral kills)
  A giant cockroach (D:2)
1 creature vanquished.

Grand Total: 50 creatures vanquished

Notes
Turn   | Place    | Note
-------+----------+-------------------------------------------
     0 | D:1      | thiole the Octopode Hedge Wizard began the quest for the
                  | Orb.
     0 | D:1      | Reached XP level 1. HP: 11/11 MP: 4/4
   149 | D:1      | Reached XP level 2. HP: 17/17 MP: 1/6
   924 | D:1      | Reached XP level 3. HP: 21/21 MP: 2/7
  1285 | D:1      | Learned a level 2 spell: Call Imp
  1288 | D:1      | Learned a level 2 spell: Blink
  1292 | D:1      | Learned a level 3 spell: Mephitic Cloud
  1818 | D:2      | Reached XP level 4. HP: 14/27 MP: 1/9
  2066 | D:2      | Found an opulent altar of Gozag.
  2113 | D:2      | Became a worshipper of Gozag Ym Sagoz the Greedy
  2247 | D:2      | Gained mutation: You possess an exceptional clarity of
                  | mind. [potion of mutation]
  2247 | D:2      | Gained mutation: Your skin blends seamlessly with your
                  | surroundings (Stealth++). [potion of mutation]
  2263 | D:2      | HP: 1/27 [poisoned by an adder]
  2266 | D:2      | Succumbed to an adder's poison

Illustrated notes

Levels and vault maps discovered:
D:1:      psy_arrival_statuary, layout_loops_ring, kennysheep_crisscross
D:2:      layout_rooms, grunt_gozag_breadcrumbs

Skill      XL: |  1  2  3 |
---------------+----------+-----
Stealth        | 3 |  3.8
Conjurations   | 2 |  2.7
Summonings     | 2 |  2.0
Dodging        | |  2.0
Spellcasting   | |  3.4
Translocations | |  1.0

Action                   |  1- 3 |  4- 6 || total
-------------------------+-------+-------++-------
Melee: Dagger            |    22 |     4 ||    26
       Constrict         |     8 |     1 ||     9
       Tentacles         |     3 |     1 ||     4
 Cast: Magic Dart        |    96 |    18 ||   114
       Call Imp          |       |     2 ||     2
  Use: Potion            |       |     5 ||     5
Armor: Skin              |     1 |     2 ||     3
Dodge: Dodged            |    20 |     5 ||    25
